[ AOE2 MATCH · #506119424 ]
UnrankedKoreans vs Mongols
[ REPLAY ANALYSIS · EXTRACTED FROM THE RECORDED GAME ]
Feudal
12:50
Castle
17:10
Imperial
—
| APM avg | 35.1 |
| APM peak | 73 |
| eAPM avg | 14.6 |
| Villagers / military | 47 / 25 |
Focus
⚔️ 33.1% · 🌾 66.9%
Archer ×23 · Fishing Ship ×9 · Turtle Ship ×2 · Unknown (2626) ×1
Feudal
12:15
Castle
16:10
Imperial
—
| APM avg | 32.5 |
| APM peak | 56 |
| eAPM avg | 18.3 |
| Villagers / military | 40 / 5 |
Focus
⚔️ 24.2% · 🌾 75.8%
Fishing Ship ×7 · Mangudai ×5
Feudal
13:19
Castle
16:53
Imperial
—
| APM avg | 52.5 |
| APM peak | 84 |
| eAPM avg | 21.7 |
| Villagers / military | 57 / 10 |
Focus
⚔️ 19.8% · 🌾 80.2%
Fishing Ship ×15 · Conquistador ×10 · Unknown (2626) ×1
Feudal
11:31
Castle
15:11
Imperial
—
| APM avg | 38.7 |
| APM peak | 65 |
| eAPM avg | 19.3 |
| Villagers / military | 79 / 21 |
Focus
⚔️ 28.6% · 🌾 71.4%
Fishing Ship ×16 · Cavalry Archer ×16 · Scout Cavalry ×5 · Unknown (2626) ×2
Match map
Initial resources + every placement click. Lines = walls · curves = elevation contours. ◆ gold · ⬟ stone · ● berries · ✦ relic · ◌ wall gap
Your base· Open — 8t gap
Songoku's base· Open — 13t gap
luanb10's base· Open — 12t gap
Nasup's base· Open — 14t gap
Smoothed initial terrain · ◌ = detected wall gap · hover for details
Inputs per minute
— Skull - - Songoku
Build order — Skull
131 actions detected in the replay
| 0:09 | Build | Town Center |
| 0:36 | Build | Dock |
| 0:39 | Build | House |
| 2:26 | Queue | Villager (Male) |
| 2:26 | Queue | Villager (Male) |
| 2:26 | Queue | Villager (Male) |
| 2:26 | Queue | Villager (Male) |
| 2:27 | Queue | Villager (Male) |
| 3:31 | Queue | Fishing Ship |
| 3:50 | Queue | Villager (Male) |
| 3:56 | Build | House |
| 4:09 | Research | Loom |
| 4:37 | Queue | Fishing Ship |
| 4:57 | Queue | Villager (Male) |
| 5:33 | Queue | Villager (Male) |
| 5:34 | Queue | Villager (Male) |
| 5:38 | Build | House |
| 5:39 | Queue | Fishing Ship |
| 5:58 | Queue | Villager (Male) |
| 5:58 | Queue | Villager (Male) |
| 6:27 | Queue | Villager (Male) |
| 6:30 | Queue | Fishing Ship |
| 6:49 | Build | House |
| 6:53 | Queue | Villager (Male) |
| 7:06 | Build | House |
| 7:10 | Queue | Villager (Male) |
| 7:31 | Build | House |
| 7:33 | Queue | Villager (Male) |
| 7:40 | Queue | Fishing Ship |
| 7:50 | Build | House |
| 8:01 | Queue | Villager (Male) |
| 8:07 | Queue | Fishing Ship |
| 8:07 | Queue | Fishing Ship |
| 8:29 | Queue | Villager (Male) |
| 8:40 | Queue | Fishing Ship |
| 8:49 | Queue | Villager (Male) |
| 9:03 | Build | House |
| 9:15 | Queue | Villager (Male) |
| 9:40 | Build | Mining Camp |
| 9:50 | Queue | Villager (Male) |
| 10:05 | Queue | Fishing Ship |
| 10:15 | Queue | Villager (Male) |
| 10:38 | Research | Feudal Age |
| 11:11 | Build | House |
| 11:27 | Build | Barracks |
| 11:45 | Build | House |
| 11:55 | Queue | Villager (Male) |
| 12:36 | Build | House |
| 12:39 | Build | Palisade Wall |
| 12:50 | Age | Feudal Age |
| 12:53 | Queue | Villager (Male) |
| 13:06 | Build | Archery Range |
| 13:10 | Build | Palisade Wall |
| 13:11 | Build | House |
| 13:12 | Queue | Villager (Male) |
| 13:17 | Build | Blacksmith |
| 13:23 | Queue | Villager (Male) |
| 13:26 | Queue | Unit 2626 |
| 14:04 | Build | House |
| 14:05 | Build | Palisade Wall |
| 14:06 | Build | Palisade Wall |
| 14:13 | Queue | Archer |
| 14:17 | Build | Archery Range |
| 14:28 | Research | Castle Age |
| 14:32 | Queue | Archer |
| 14:45 | Build | Palisade Wall |
| 14:46 | Build | Palisade Wall |
| 14:57 | Build | Lumber Camp |
| 15:07 | Queue | Archer |
| 15:07 | Queue | Archer |
| 15:17 | Queue | Archer |
| 15:20 | Queue | Villager (Male) |
| 15:41 | Queue | Archer |
| 15:44 | Queue | Villager (Male) |
| 15:48 | Research | Double-Bit Axe |
| 16:03 | Research | Fletching |
| 16:15 | Queue | Villager (Male) |
| 16:27 | Queue | Villager (Male) |
| 16:55 | Queue | Archer |
| 16:55 | Queue | Archer |
| 17:10 | Age | Castle Age |
| 17:14 | Research | Bodkin Arrow |
| 17:43 | Queue | Archer |
| 17:43 | Queue | Archer |
| 17:44 | Queue | Villager (Male) |
| 18:04 | Queue | Villager (Male) |
| 18:04 | Research | Bow Saw |
| 18:06 | Queue | Archer |
| 18:25 | Build | University |
| 18:43 | Research | Crossbowman (upgrade) |
| 19:13 | Queue | Archer |
| 19:13 | Queue | Archer |
| 19:20 | Queue | Villager (Male) |
| 19:27 | Build | House |
| 19:41 | Build | Town Center |
| 20:06 | Build | House |
| 20:19 | Research | Ballistics |
| 20:19 | Queue | Villager (Male) |
| 20:28 | Research | Gold Mining |
| 20:30 | Queue | Villager (Male) |
| 20:36 | Queue | Villager (Male) |
| 20:38 | Queue | Archer |
| 20:38 | Queue | Archer |
| 20:52 | Queue | Archer |
| 20:58 | Queue | Villager (Male) |
| 21:10 | Queue | Villager (Male) |
| 21:13 | Queue | Villager (Male) |
| 21:14 | Queue | Villager (Male) |
| 21:31 | Queue | Villager (Male) |
| 21:35 | Queue | Archer |
| 21:35 | Queue | Archer |
| 21:47 | Queue | Archer |
| 21:47 | Queue | Archer |
| 21:52 | Build | House |
| 22:02 | Queue | Villager (Male) |
| 22:15 | Build | House |
| 22:21 | Build | Town Center |
| 22:22 | Queue | Villager (Male) |
| 22:34 | Build | Mill |
| 22:36 | Queue | Villager (Male) |
| 22:40 | Queue | Archer |
| 22:48 | Queue | Villager (Male) |
| 22:52 | Queue | Archer |
| 22:52 | Queue | Archer |
| 22:56 | Queue | Villager (Male) |
| 22:56 | Queue | Villager (Male) |
| 23:05 | Queue | Villager (Male) |
| 23:08 | Build | Dock |
| 23:11 | Research | Tech 906 |
| 23:11 | Queue | Turtle Ship |
| 23:11 | Queue | Turtle Ship |
Build order — Songoku
99 actions detected in the replay
| 0:11 | Build | Town Center |
| 0:17 | Build | Town Center |
| 1:13 | Build | Dock |
| 1:56 | Build | Palisade Wall |
| 2:04 | Build | House |
| 2:29 | Queue | Villager (Male) |
| 2:30 | Queue | Villager (Male) |
| 2:34 | Queue | Villager (Male) |
| 2:59 | Queue | Villager (Male) |
| 3:32 | Queue | Fishing Ship |
| 3:57 | Build | House |
| 4:13 | Queue | Villager (Male) |
| 4:37 | Queue | Villager (Male) |
| 4:49 | Queue | Villager (Male) |
| 4:50 | Queue | Villager (Male) |
| 5:09 | Queue | Villager (Male) |
| 5:39 | Build | House |
| 5:40 | Queue | Fishing Ship |
| 5:44 | Queue | Villager (Male) |
| 5:53 | Queue | Villager (Male) |
| 5:54 | Queue | Villager (Male) |
| 6:17 | Research | Loom |
| 6:25 | Queue | Villager (Male) |
| 6:30 | Queue | Fishing Ship |
| 7:00 | Queue | Villager (Male) |
| 7:10 | Queue | Fishing Ship |
| 7:37 | Queue | Villager (Male) |
| 7:49 | Queue | Fishing Ship |
| 7:51 | Build | House |
| 8:01 | Queue | Villager (Male) |
| 8:23 | Build | Mill |
| 8:26 | Queue | Villager (Male) |
| 8:42 | Queue | Villager (Male) |
| 8:48 | Queue | Fishing Ship |
| 8:51 | Queue | Villager (Male) |
| 9:12 | Queue | Villager (Male) |
| 9:19 | Queue | Villager (Male) |
| 9:43 | Queue | Villager (Male) |
| 9:45 | Queue | Fishing Ship |
| 9:48 | Build | House |
| 9:51 | Build | House |
| 9:57 | Research | Feudal Age |
| 10:09 | Build | Mining Camp |
| 10:59 | Queue | Villager (Male) |
| 11:04 | Build | Mining Camp |
| 12:07 | Queue | Villager (Male) |
| 12:15 | Age | Feudal Age |
| 12:17 | Build | Market |
| 12:19 | Build | Blacksmith |
| 12:38 | Queue | Villager (Male) |
| 12:55 | Build | Lumber Camp |
| 13:30 | Research | Castle Age |
| 13:31 | Research | Castle Age |
| 13:59 | Research | Double-Bit Axe |
| 14:23 | Build | Palisade Wall |
| 14:31 | Research | Horse Collar |
| 14:31 | Research | Horse Collar |
| 14:32 | Queue | Villager (Male) |
| 14:33 | Queue | Villager (Male) |
| 14:53 | Build | Palisade Wall |
| 14:56 | Build | Palisade Wall |
| 15:00 | Build | Palisade Wall |
| 15:15 | Research | Fletching |
| 15:15 | Research | Fletching |
| 15:51 | Build | Palisade Wall |
| 16:01 | Build | Palisade Wall |
| 16:03 | Build | Palisade Wall |
| 16:10 | Age | Castle Age |
| 16:17 | Queue | Villager (Male) |
| 16:17 | Queue | Villager (Male) |
| 16:27 | Queue | Villager (Male) |
| 16:27 | Queue | Villager (Male) |
| 16:31 | Queue | Villager (Male) |
| 17:13 | Build | Castle |
| 17:22 | Build | Mining Camp |
| 17:42 | Build | Palisade Wall |
| 17:51 | Queue | Villager (Male) |
| 18:07 | Queue | Mangudai |
| 18:25 | Queue | Villager (Male) |
| 18:28 | Queue | Mangudai |
| 19:07 | Queue | Mangudai |
| 19:09 | Queue | Villager (Male) |
| 19:23 | Queue | Villager (Male) |
| 19:27 | Build | Town Center |
| 19:41 | Build | Farm |
| 19:56 | Queue | Villager (Male) |
| 19:59 | Build | Lumber Camp |
| 20:24 | Build | Farm |
| 20:49 | Build | Farm |
| 20:50 | Build | Farm |
| 21:03 | Queue | Villager (Male) |
| 21:33 | Queue | Mangudai |
| 21:33 | Queue | Mangudai |
| 21:58 | Build | Town Center |
| 22:56 | Queue | Villager (Male) |
| 22:59 | Build | Siege Workshop |
| 23:04 | Queue | Villager (Male) |
| 23:05 | Build | Farm |
| 23:07 | Build | Farm |
Build order — luanb10
134 actions detected in the replay
| 0:04 | Build | Town Center |
| 0:21 | Build | Dock |
| 0:24 | Build | House |
| 2:23 | Queue | Villager (Male) |
| 2:23 | Queue | Villager (Male) |
| 2:23 | Queue | Villager (Male) |
| 2:24 | Queue | Villager (Male) |
| 2:24 | Queue | Villager (Male) |
| 3:21 | Queue | Fishing Ship |
| 3:45 | Queue | Villager (Male) |
| 3:45 | Queue | Villager (Male) |
| 3:51 | Build | House |
| 4:01 | Research | Loom |
| 4:33 | Queue | Fishing Ship |
| 4:55 | Queue | Villager (Male) |
| 4:55 | Queue | Villager (Male) |
| 5:00 | Build | House |
| 5:18 | Queue | Fishing Ship |
| 5:19 | Queue | Fishing Ship |
| 5:33 | Queue | Villager (Male) |
| 5:34 | Queue | Villager (Male) |
| 5:49 | Queue | Villager (Male) |
| 5:50 | Queue | Villager (Male) |
| 6:03 | Build | House |
| 6:25 | Queue | Villager (Male) |
| 6:25 | Queue | Villager (Male) |
| 6:32 | Queue | Villager (Male) |
| 6:32 | Queue | Villager (Male) |
| 6:50 | Queue | Villager (Male) |
| 6:50 | Queue | Villager (Male) |
| 6:51 | Queue | Fishing Ship |
| 6:52 | Queue | Fishing Ship |
| 7:23 | Queue | Fishing Ship |
| 7:23 | Queue | Fishing Ship |
| 7:31 | Build | House |
| 7:39 | Build | House |
| 7:40 | Queue | Villager (Male) |
| 7:41 | Queue | Villager (Male) |
| 7:41 | Queue | Villager (Male) |
| 7:41 | Queue | Villager (Male) |
| 7:46 | Build | House |
| 7:55 | Queue | Villager (Male) |
| 7:56 | Queue | Villager (Male) |
| 7:56 | Queue | Villager (Male) |
| 8:00 | Build | House |
| 8:13 | Queue | Fishing Ship |
| 8:14 | Queue | Fishing Ship |
| 8:37 | Build | House |
| 9:26 | Build | House |
| 9:33 | Build | House |
| 9:41 | Build | Mill |
| 9:43 | Queue | Fishing Ship |
| 9:47 | Build | House |
| 9:54 | Queue | Villager (Male) |
| 9:57 | Queue | Villager (Male) |
| 9:57 | Queue | Villager (Male) |
| 10:35 | Queue | Villager (Male) |
| 10:40 | Build | House |
| 10:43 | Build | Dock |
| 10:52 | Research | Feudal Age |
| 10:52 | Research | Feudal Age |
| 11:02 | Build | Mining Camp |
| 11:36 | Queue | Fishing Ship |
| 11:36 | Queue | Fishing Ship |
| 11:38 | Queue | Villager (Male) |
| 13:19 | Age | Feudal Age |
| 13:22 | Build | Market |
| 13:32 | Build | Blacksmith |
| 13:37 | Queue | Villager (Male) |
| 13:57 | Queue | Villager (Male) |
| 14:13 | Research | Castle Age |
| 14:13 | Research | Castle Age |
| 14:37 | Build | Mining Camp |
| 14:50 | Queue | Villager (Male) |
| 14:50 | Queue | Villager (Male) |
| 14:58 | Build | House |
| 15:25 | Build | Lumber Camp |
| 15:56 | Build | Palisade Wall |
| 15:57 | Build | Palisade Wall |
| 16:00 | Build | Palisade Wall |
| 16:03 | Build | House |
| 16:06 | Build | Palisade Wall |
| 16:08 | Build | House |
| 16:12 | Build | House |
| 16:15 | Build | Palisade Wall |
| 16:28 | Build | House |
| 16:32 | Build | House |
| 16:34 | Build | Palisade Wall |
| 16:43 | Queue | Villager (Male) |
| 16:53 | Age | Castle Age |
| 17:07 | Build | Castle |
| 17:20 | Queue | Villager (Male) |
| 17:50 | Queue | Villager (Male) |
| 18:04 | Build | Watch Tower |
| 18:10 | Queue | Conquistador |
| 18:10 | Queue | Conquistador |
| 18:10 | Queue | Conquistador |
| 19:12 | Build | Palisade Wall |
| 19:27 | Build | Farm |
| 19:34 | Queue | Villager (Male) |
| 19:34 | Queue | Villager (Male) |
| 19:34 | Queue | Villager (Male) |
| 19:35 | Queue | Villager (Male) |
| 19:45 | Queue | Conquistador |
| 19:45 | Queue | Conquistador |
| 19:47 | Queue | Villager (Male) |
| 19:56 | Build | Town Center |
| 20:21 | Queue | Villager (Male) |
| 20:21 | Queue | Villager (Male) |
| 21:01 | Queue | Villager (Male) |
| 21:03 | Queue | Villager (Male) |
| 21:03 | Queue | Villager (Male) |
| 21:03 | Queue | Villager (Male) |
| 21:03 | Queue | Villager (Male) |
| 21:31 | Research | Tech 906 |
| 21:31 | Research | Tech 906 |
| 21:32 | Queue | Fishing Ship |
| 21:32 | Queue | Fishing Ship |
| 21:34 | Queue | Villager (Male) |
| 21:40 | Queue | Conquistador |
| 21:40 | Queue | Conquistador |
| 21:56 | Queue | Unit 2626 |
| 21:59 | Queue | Villager (Male) |
| 22:02 | Build | Farm |
| 22:03 | Build | Farm |
| 22:04 | Build | Farm |
| 22:40 | Queue | Conquistador |
| 22:40 | Queue | Conquistador |
| 22:57 | Queue | Villager (Male) |
| 22:58 | Queue | Villager (Male) |
| 23:20 | Queue | Conquistador |
| 23:22 | Queue | Villager (Male) |
| 23:22 | Queue | Villager (Male) |
| 23:23 | Queue | Villager (Male) |
Build order — Nasup
First 150 of 170 actions detected
| 0:04 | Build | Town Center |
| 0:55 | Build | Dock |
| 1:35 | Build | House |
| 2:18 | Queue | Villager (Male) |
| 2:18 | Queue | Villager (Male) |
| 2:18 | Queue | Villager (Male) |
| 2:34 | Queue | Fishing Ship |
| 2:34 | Queue | Fishing Ship |
| 2:37 | Queue | Villager (Male) |
| 2:37 | Queue | Villager (Male) |
| 2:37 | Queue | Villager (Male) |
| 2:38 | Queue | Villager (Male) |
| 3:19 | Build | House |
| 4:02 | Queue | Villager (Male) |
| 4:02 | Queue | Villager (Male) |
| 4:10 | Queue | Fishing Ship |
| 4:10 | Queue | Fishing Ship |
| 4:38 | Queue | Villager (Male) |
| 4:38 | Queue | Villager (Male) |
| 5:00 | Queue | Villager (Male) |
| 5:00 | Queue | Villager (Male) |
| 5:00 | Queue | Villager (Male) |
| 5:08 | Build | House |
| 5:24 | Queue | Fishing Ship |
| 5:25 | Queue | Fishing Ship |
| 5:29 | Queue | Villager (Male) |
| 5:29 | Queue | Villager (Male) |
| 5:50 | Build | House |
| 5:50 | Queue | Villager (Male) |
| 6:09 | Queue | Villager (Male) |
| 6:09 | Queue | Villager (Male) |
| 6:15 | Queue | Fishing Ship |
| 6:15 | Queue | Fishing Ship |
| 6:15 | Queue | Fishing Ship |
| 6:31 | Queue | Villager (Male) |
| 6:32 | Queue | Villager (Male) |
| 6:43 | Queue | Villager (Male) |
| 6:43 | Queue | Villager (Male) |
| 6:43 | Queue | Villager (Male) |
| 6:48 | Queue | Fishing Ship |
| 6:56 | Queue | Villager (Male) |
| 6:57 | Queue | Villager (Male) |
| 7:12 | Queue | Villager (Male) |
| 7:12 | Queue | Villager (Male) |
| 7:12 | Queue | Villager (Male) |
| 7:28 | Queue | Fishing Ship |
| 7:48 | Queue | Villager (Male) |
| 7:48 | Queue | Villager (Male) |
| 8:03 | Build | House |
| 8:16 | Queue | Fishing Ship |
| 8:39 | Queue | Villager (Male) |
| 8:52 | Build | Mining Camp |
| 8:55 | Queue | Villager (Male) |
| 9:25 | Research | Feudal Age |
| 9:39 | Queue | Fishing Ship |
| 9:41 | Build | House |
| 10:16 | Queue | Fishing Ship |
| 10:44 | Build | Barracks |
| 10:57 | Build | House |
| 11:07 | Queue | Villager (Male) |
| 11:07 | Queue | Villager (Male) |
| 11:22 | Research | Loom |
| 11:31 | Age | Feudal Age |
| 11:38 | Build | Blacksmith |
| 11:43 | Queue | Villager (Male) |
| 11:55 | Research | Loom |
| 12:12 | Build | Stable |
| 12:30 | Build | House |
| 12:46 | Research | Castle Age |
| 12:46 | Research | Castle Age |
| 12:46 | Research | Castle Age |
| 12:52 | Queue | Scout Cavalry |
| 13:20 | Queue | Scout Cavalry |
| 13:27 | Queue | Unit 2626 |
| 13:44 | Queue | Scout Cavalry |
| 14:19 | Build | Lumber Camp |
| 14:30 | Queue | Scout Cavalry |
| 14:35 | Research | Forging |
| 14:35 | Research | Forging |
| 14:44 | Queue | Unit 2626 |
| 14:53 | Queue | Scout Cavalry |
| 15:11 | Age | Castle Age |
| 15:12 | Research | Light Cavalry (upgrade) |
| 15:14 | Queue | Villager (Male) |
| 15:19 | Build | Town Center |
| 15:29 | Queue | Villager (Male) |
| 15:33 | Research | Double-Bit Axe |
| 15:33 | Research | Double-Bit Axe |
| 15:56 | Queue | Villager (Male) |
| 15:56 | Queue | Villager (Male) |
| 16:05 | Build | House |
| 16:28 | Queue | Villager (Male) |
| 16:28 | Queue | Villager (Male) |
| 16:42 | Queue | Villager (Male) |
| 16:43 | Queue | Villager (Male) |
| 16:51 | Build | House |
| 16:53 | Queue | Villager (Male) |
| 16:54 | Queue | Villager (Male) |
| 17:07 | Build | Archery Range |
| 17:50 | Queue | Villager (Male) |
| 17:55 | Build | Archery Range |
| 17:56 | Queue | Cavalry Archer |
| 17:58 | Research | Fletching |
| 17:58 | Research | Fletching |
| 17:59 | Queue | Villager (Male) |
| 18:01 | Research | Husbandry |
| 18:01 | Research | Husbandry |
| 18:10 | Queue | Villager (Male) |
| 18:10 | Queue | Villager (Male) |
| 18:30 | Build | Dock |
| 18:33 | Research | Tech 906 |
| 18:42 | Queue | Cavalry Archer |
| 18:42 | Queue | Cavalry Archer |
| 19:06 | Build | House |
| 19:07 | Queue | Cavalry Archer |
| 19:07 | Queue | Cavalry Archer |
| 19:08 | Queue | Villager (Male) |
| 19:08 | Queue | Villager (Male) |
| 19:09 | Queue | Villager (Male) |
| 19:09 | Queue | Villager (Male) |
| 19:29 | Build | House |
| 19:30 | Queue | Villager (Male) |
| 19:30 | Queue | Villager (Male) |
| 19:36 | Build | Town Center |
| 19:41 | Queue | Cavalry Archer |
| 19:41 | Queue | Cavalry Archer |
| 19:59 | Queue | Fishing Ship |
| 19:59 | Queue | Fishing Ship |
| 20:11 | Queue | Cavalry Archer |
| 20:14 | Queue | Villager (Male) |
| 20:14 | Queue | Villager (Male) |
| 20:17 | Research | Padded Archer Armor |
| 20:17 | Research | Padded Archer Armor |
| 20:25 | Queue | Villager (Male) |
| 20:41 | Build | House |
| 20:44 | Queue | Villager (Male) |
| 20:44 | Queue | Villager (Male) |
| 20:51 | Build | University |
| 20:57 | Queue | Cavalry Archer |
| 20:57 | Queue | Cavalry Archer |
| 20:57 | Queue | Villager (Male) |
| 20:58 | Queue | Villager (Male) |
| 21:11 | Build | House |
| 21:17 | Queue | Villager (Male) |
| 21:20 | Queue | Villager (Male) |
| 21:22 | Queue | Cavalry Archer |
| 21:22 | Queue | Cavalry Archer |
| 21:27 | Queue | Villager (Male) |
| 21:27 | Queue | Villager (Male) |
| 21:27 | Queue | Villager (Male) |
Match timeline
| 0:21 | luanb10 · first_building Dock |
| 0:36 | Skull · first_building Dock |
| 0:55 | Nasup · first_building Dock |
| 1:13 | Songoku · first_building Dock |
| 1:56 | Songoku · wall_segment Palisade Wall x1 |
| 10:44 | Nasup · first_building Barracks |
| 11:27 | Skull · first_building Barracks |
| 11:31 | Nasup · age_up feudal |
| 12:12 | Nasup · first_building Stable |
| 12:15 | Songoku · age_up feudal |
| 12:39 | Skull · wall_segment Palisade Wall x6 |
| 12:50 | Skull · age_up feudal |
| 13:06 | Skull · first_building Archery Range |
| 13:10 | Skull · wall_segment Palisade Wall x1 |
| 13:14 | Songoku · first_market_buy 100 food |
| 13:17 | Songoku · first_market_sell 100 stone |
| 13:19 | luanb10 · age_up feudal |
| 14:05 | Skull · wall_segment Palisade Wall x1 |
| 14:06 | Skull · wall_segment Palisade Wall x1 |
| 14:23 | Songoku · wall_segment Palisade Wall x1 |
| 14:45 | Skull · wall_segment Palisade Wall x1 |
| 14:46 | Skull · wall_segment Palisade Wall x1 |
| 14:53 | Songoku · wall_segment Palisade Wall x1 |
| 14:56 | Songoku · wall_segment Palisade Wall x1 |
| 15:00 | Songoku · wall_segment Palisade Wall x1 |
| 15:11 | Nasup · age_up castle |
| 15:51 | Songoku · wall_segment Palisade Wall x1 |
| 15:56 | luanb10 · wall_segment Palisade Wall x1 |
| 15:57 | luanb10 · wall_segment Palisade Wall x1 |
| 16:00 | luanb10 · wall_segment Palisade Wall x1 |
| 16:01 | Songoku · wall_segment Palisade Wall x1 |
| 16:03 | Songoku · wall_segment Palisade Wall x1 |
| 16:06 | luanb10 · wall_segment Palisade Wall x1 |
| 16:10 | Songoku · age_up castle |
| 16:15 | luanb10 · wall_segment Palisade Wall x1 |
| 16:34 | luanb10 · wall_segment Palisade Wall x1 |
| 16:53 | luanb10 · age_up castle |
| 16:56 | luanb10 · first_market_buy 100 stone |
| 17:07 | luanb10 · first_building Castle |
| 17:07 | Nasup · first_building Archery Range |
| 17:10 | Skull · age_up castle |
| 17:13 | Songoku · first_building Castle |
| 17:42 | Songoku · wall_segment Palisade Wall x1 |
| 19:12 | luanb10 · wall_segment Palisade Wall x1 |
| 22:59 | Songoku · first_building Siege Workshop |
| 23:24 | Songoku · resign |
[ AI ANALYSIS · 1 CREDIT ]
What really happened in this match?
Wolo.gg analyzes every decision: build order, eco, micro, common mistakes by bracket. Personalized analysis on WhatsApp or Discord in 30 seconds.
Civ guide
Koreans
Perfil
Jugador #369536